 Dungeon Crawl Stone Soup version 0.31.0-11-ge490571c62 (webtiles) character file.

Game seed: 9746343120345554593

268 qw the Shooter (level 6, -2/30 HPs)
             Began as a Spriggan Hunter on Feb 4, 2024.
             Was an Initiate of Okawaru.
             Slain by an iguana (12 damage)
             ... on level 4 of the Dungeon.
             The game lasted 00:00:10 (2403 turns).

qw the Shooter (Spriggan Hunter)                    Turns: 2403, Time: 00:00:10

Health: -2/30      AC:  2    Str:  7    XL:     6   Next: 0%
Magic:  7/7        EV: 20    Int: 10    God:    Okawaru [......]
Gold:   167        SH:  0    Dex: 21    Spells: 5/5 levels left

rFire   . . .        a - +2 shortbow
rCold   . . .        (shield currently unavailable)
rNeg    . . .        c - +0 robe
rPois   .            (helmet restricted)
rElec   .            (no cloak)
rCorr   .            (gloves unavailable)
SInv    +            (boots unavailable)
Will    +....        (no amulet)
Stlth   ++           (no ring)
HPRegen 0.25/turn    (no ring)
MPRegen 0.10/turn

%: no passive effects
@: very quick
A: very small, no large weapons, unfitting armour, see invisible, speed 3
a: Renounce Religion


You were on level 4 of the Dungeon.
You worshipped Okawaru.
Okawaru was noncommittal.
You visited 1 branch of the dungeon, and saw 4 of its levels.

You collected 167 gold pieces.


Innate Abilities, Weirdness & Mutations

You are very small and have problems with some larger weapons.
You are too small for most types of armour.
You have supernaturally acute eyesight. (SInv)
You cover ground extremely quickly. (Speed+++)


   Skills:
 - Level 2.0 Fighting
 - Level 6.3 Ranged Weapons
 + Level 5.0 Dodging
 - Level 1.5 Stealth


You had 5 spell levels left.
You didn't know any spells.
Your spell library was empty.

Inventory:

Hand Weapons
 a - a +2 shortbow (weapon)
Armour
 c - a +0 robe (worn)
Potions
 e - 3 potions of heal wounds
 f - 2 potions of curing

Dungeon Overview and Level Annotations

Branches:
Dungeon (4/15)
 Temple: D:4-7

Altars:
Cheibriados
Elyvilon
Okawaru


Message History

The bullfrog barely misses you.
An iguana comes into view.
You shoot an arrow. The arrow hits the bullfrog.
The bullfrog is moderately wounded.
The bullfrog hits you. The iguana misses you.
You shoot an arrow. The arrow hits the bullfrog.
The bullfrog is moderately wounded.
The bullfrog misses you. The bullfrog barely misses you. The iguana misses you.
You shoot an arrow. The arrow barely misses the bullfrog.
The bullfrog closely misses you. The iguana bites you. The bullfrog misses you.
You shoot an arrow. The arrow hits the bullfrog.
The bullfrog is moderately wounded.
The bullfrog completely misses you. The iguana barely misses you.
You shoot an arrow. The arrow hits the bullfrog.
The bullfrog is heavily wounded.
The bullfrog completely misses you. The iguana bites you.
The bullfrog misses you.
You shoot an arrow. The arrow hits the bullfrog.
The bullfrog is heavily wounded.
The bullfrog closely misses you. The iguana completely misses you.
The bullfrog barely misses you.
You shoot an arrow. The arrow hits the bullfrog!
The bullfrog is almost dead.
The bullfrog completely misses you. The iguana bites you.
You shoot an arrow. The arrow barely misses the bullfrog.
The bullfrog completely misses you. The iguana bites you!
The bullfrog misses you. The iguana barely misses you.
You shoot an arrow. The arrow hits the bullfrog!
You kill the bullfrog!
Okawaru accepts your kill. The iguana misses you.
Your Ranged Weapons skill increases to level 6!
You have reached level 6!
You shoot an arrow.
The arrow hits the iguana but does no damage.
The iguana barely misses you.
You shoot an arrow. The arrow hits the iguana!
The iguana is severely wounded.
The iguana bites you!
You die...

.. #... ..# ..
..##...
..###..
#......
..#[...
#......
.......
.......
.......
.......
.....>.
......l#.....#
#@....#
#%......#
......$##
.........#
...........
...###.#..##
...# .####
##.. ##


You could see an iguana.

Vanquished Creatures
  A bullfrog (D:4)
  An orc priest (D:3)
  A gnoll (D:3)
  8 adders
  4 dart slugs
  6 orcs (D:3)
  A ball python (D:2)
  6 bats
  4 endoplasms
  11 giant cockroaches
  6 goblins
  7 hobgoblins
  8 kobolds
  2 quokkas (D:1)
  3 frilled lizards
  5 rats
74 creatures vanquished.

Notes
Turn   | Place    | Note
-------+----------+-------------------------------------------
     0 | D:1      | qw the Spriggan Hunter began the quest for the Orb.
     0 | D:1      | Reached XP level 1. HP: 10/10 MP: 2/2
     0 | D:1      | 0 ||| qw: Version: 0.3-a-160-g6735b56
     0 | D:1      | 0 ||| qw: Game counter: 5214
     0 | D:1      | 0 ||| qw: Melee chars always use a shield: true
     0 | D:1      | 0 ||| qw: God list: Okawaru
     0 | D:1      | 0 ||| qw: Allow faded altars: false
     0 | D:1      | 0 ||| qw: Do Orc after clearing Dungeon:15 true
     0 | D:1      | 0 ||| qw: Do second Lair branch before Depths: true
     0 | D:1      | 0 ||| qw: Lair rune preference: random
     0 | D:1      | 0 ||| qw: Goals: Normal
     0 | D:1      | 0 ||| PLANNING D:1-11
    99 | D:1      | Reached skill level 3 in Dodging
   204 | D:1      | Reached XP level 2. HP: 14/14 MP: 3/3
   716 | D:1      | 716 ||| DROPPING scroll of butterflies.
   794 | D:2      | Reached XP level 3. HP: 18/18 MP: 4/4
   796 | D:2      | Found a snail-covered altar of Cheibriados.
   960 | D:2      | Reached skill level 5 in Ranged Weapons
  1087 | D:2      | Reached XP level 4. HP: 22/22 MP: 5/5
  1647 | D:2      | 1647 ||| READING 2 scrolls labelled FIWOLONKAH.
  1647 | D:2      | 1647 ||| ENCHANTING +0 shortbow.
  1648 | D:2      | 1648 ||| READING scroll of enchant weapon.
  1648 | D:2      | 1648 ||| ENCHANTING +1 shortbow.
  1649 | D:2      | 1649 ||| READING scroll labelled ZYZXYSMU NARIU.
  1650 | D:2      | 1650 ||| READING 3 scrolls labelled QAR NOLYAM.
  1650 | D:2      | 1650 ||| IDENTIFYING viscous emerald potion
  1651 | D:2      | 1651 ||| READING 2 scrolls of identify.
  1651 | D:2      | 1651 ||| IDENTIFYING fuming brown potion
  1652 | D:2      | 1652 ||| READING scroll of identify.
  1652 | D:2      | 1652 ||| IDENTIFYING yellow potion
  1653 | D:2      | 1653 ||| DROPPING potion of degeneration.
  1655 | D:2      | 1655 ||| Stepping ~*~*~tactically~*~*~ (cloud).
  1661 | D:2      | HP: 5/22 [poisoned by you (poison gas)]
  1664 | D:2      | HP: 2/22 [poisoned by you (poison gas)]
  2007 | D:3      | Reached XP level 5. HP: 26/26 MP: 6/6
  2082 | D:3      | Found an iron altar of Okawaru.
  2083 | D:3      | 2083 ||| PLANNING OKAWARU WORSHIP
  2083 | D:3      | 2083 ||| READING scroll of identify.
  2083 | D:3      | 2083 ||| IDENTIFYING scroll labelled NISME LEKE
  2084 | D:3      | 2084 ||| READING scroll labelled MANA EMIOG.
  2089 | D:3      | 2089 ||| DROPPING scroll of silence.
  2117 | D:3      | Became a worshipper of Warmaster Okawaru
  2118 | D:3      | 2118 ||| PLANNING D:1-11
  2300 | D:3      | Found a white marble altar of Elyvilon.
  2369 | D:3      | 2369 ||| READING 2 scrolls labelled VYIFFE QOSE.
  2370 | D:3      | 2370 ||| DROPPING scroll of fog.
  2391 | D:4      | 2391 ||| PLANNING SEWER
  2402 | D:4      | Reached skill level 6 in Ranged Weapons
  2402 | D:4      | Reached XP level 6. HP: 10/30 MP: 7/7
  2403 | D:4      | Slain by an iguana

Levels and vault maps discovered:
D:1:      minmay_arrival_checkered_box, layout_loops_ring,
          kennysheep_small_spiral
D:2:      layout_basic, basic_altar
D:3:      minmay_roachtagon, layout_rooms, general_overflow_altar,
          okawaru_altar_gauntlet_db, bh_walls_and_bars
D:4:      layout_cave_pools, minmay_temple_entry_nine_rooms,
          cheibrodos_sewer_entry_bend, hangedman_decor_riveting,
          grunt_ministairs_4, patterned_corridor

Skill      XL: |  1  2  3  4  5 |
---------------+----------------+-----
Dodging        | 3 4 5 |  5.0
Ranged Weapons | 5 6 |  6.3
Fighting       | 2 |  2.0
Stealth        | |  1.5

Action                     |  1- 3 |  4- 6 || total
---------------------------+-------+-------++-------
   Fire: Shortbow          |    90 |    98 ||   188
    Use: Scroll            |       |     9 ||     9
 Armour: Robe              |     7 |    15 ||    22
  Dodge: Dodged            |    23 |    37 ||    60

Table legend:
 A = Non-vault XP
 B = Vault XP
 C = Vault XP percentage of total XP
 D = Non-vault monster count
 E = Vault monster count
 F = Vault count percentage of total count
                 A         B        C        D         E       F
            +---------+---------+-------+---------+---------+-------
      Total |     339 |      44 |  11.5 |      58 |      16 |  21.6
            +---------+---------+-------+---------+---------+-------
        D:1 |      40 |       0 |   0.0 |      21 |       0 |   0.0
        D:2 |      90 |       0 |   0.0 |      18 |       0 |   0.0
        D:3 |     116 |      44 |  27.5 |      18 |      16 |  47.1
        D:4 |      93 |       0 |   0.0 |       1 |       0 |   0.0
            +---------+---------+-------+---------+---------+-------
